 Dungeon Crawl Stone Soup version 0.23.0-3-gf3c87f2df8 (webtiles) character file.

Game seed: 5835629784288221257

367 PentaManta the Covert (level 6, -6/30 HPs)
             Began as a Spriggan Assassin on Feb 20, 2019.
             Killed by divine providence
             ... invoked by an orc priest
              (13 damage)
             ... on level 4 of the Dungeon.
             The game lasted 00:13:51 (2748 turns).

PentaManta the Covert (Spriggan Assassin)           Turns: 2748, Time: 00:13:52

Health: -6/30      AC:  4    Str:  9    XL:     6   Next: 41%
Magic:  7/7        EV: 20    Int: 13    God:
Gold:   192        SH:  0    Dex: 17    Spells: 5/5 levels left

rFire    . . .     SeeInvis +   a - +2 dagger
rCold    . . .     Gourm    .   (shield restricted)
rNeg     . . .     Faith    .   c - +0 robe
rPois    .         Spirit   .   (helmet restricted)
rElec    .         Reflect  .   d - +1 cloak
rCorr    .         Harm     .   (gloves unavailable)
MR       +....                  (boots unavailable)
Stlth    +++++.....             (no amulet)
HPRegen  0.10/turn              (no ring)
MPRegen  0.10/turn              (no ring)

@: very quick
A: very small, unfitting armour, see invisible, herbivore, speed 3, slow
metabolism 2
a: no special abilities


You were on level 4 of the Dungeon.
You were not hungry.

You visited 1 branch of the dungeon, and saw 4 of its levels.

You collected 192 gold pieces.

Inventory:

Hand Weapons
 a - a +2 dagger (weapon)
 b - a +0 blowgun
Missiles
 e - 26 poisoned needles
 f - 2 curare-tipped needles
Armour
 c - a +0 robe (worn)
 d - a +1 cloak (worn)
Scrolls
 h - 2 scrolls of identify
 i - a scroll of teleportation
 m - a scroll of enchant armour
 n - 2 scrolls of remove curse
Potions
 j - a potion of lignification
 k - 2 potions of might
 l - a potion of haste
 p - a potion of degeneration {unknown}
Comestibles
 g - 9 rations


   Skills:
 - Level 1.5 Fighting
 - Level 2.1 Short Blades
 - Level 2.0 Throwing
 + Level 5.0 Dodging
 * Level 10.5 Stealth


You had 5 spell levels left.
You didn't know any spells.
Your spell library was empty.

Dungeon Overview and Level Annotations

Branches:
Dungeon (4/15)
 Temple: D:4-7

Altars:
Ashenzari
Trog
Uskayaw


Innate Abilities, Weirdness & Mutations

You are very small and have problems with some larger weapons.
You are too small for most types of armour.
You have supernaturally acute eyesight. (SInv)
You are a herbivore.
You cover ground extremely quickly.
You need to consume almost no food.


Message History

Throwing (i - inventory)
o - 2 poisoned tomahawks (quivered)
Press: ? - help, Shift-Dir - straight line, f/p - orc priest
Aim: an orc priest, wielding a +0 club You throw a poisoned tomahawk.
The poisoned tomahawk barely misses the orc priest.
Throwing (i - inventory)
o - a poisoned tomahawk (quivered)
Press: ? - help, Shift-Dir - straight line, f/p - orc priest
Aim: an orc priest, wielding a +0 club You throw a poisoned tomahawk.
The orc priest shouts!
The poisoned tomahawk hits the orc priest.
The orc priest is moderately wounded.
The orc priest mumbles some strange prayers to Beogh against you.
Beogh smites you!
Ouch! That really hurt!
* * * LOW HITPOINT WARNING * * *
The orc priest completely misses you.
The orc priest calls down the wrath of Beogh upon you.
Beogh smites you!
You die...

##......# #.......#
#.......#
#.......#######
#..(....)o)...####
#.......#####....###
#....o.o.......#....
#...o(..######.#####
#..@o...# #.#
######### #.##
#..#### ##.....
#....# ###... #...
####


You could see 2 orc priests and 3 orcs.

Vanquished Creatures
  An eye of draining (D:3)
  4 orc wizards
  6 adders
  6 worms
  2 dart slugs
  15 orcs
  11 bats
  10 giant cockroaches
  5 goblins
  9 hobgoblins
  4 jackals (D:3)
  3 frilled lizards (D:1)
  3 kobolds
  3 rats
82 creatures vanquished.

Notes
Turn   | Place    | Note
-------+----------+-------------------------------------------
     0 | D:1      | PentaManta the Spriggan Assassin began the quest for the
                  | Orb.
     0 | D:1      | Reached XP level 1. HP: 10/10 MP: 2/2
    41 | D:1      | Reached skill level 6 in Stealth
   144 | D:1      | Reached XP level 2. HP: 11/14 MP: 3/3
   450 | D:1      | Reached skill level 7 in Stealth
   452 | D:1      | You fall through a shaft!
   525 | D:2      | Reached XP level 3. HP: 15/18 MP: 4/4
   843 | D:2      | Found a shattered altar of Ashenzari.
  1419 | D:3      | Reached XP level 4. HP: 22/22 MP: 5/5
  1425 | D:3      | Reached skill level 8 in Stealth
  1449 | D:3      | Noticed an eye of draining
  1814 | D:3      | Reached skill level 5 in Dodging
  1854 | D:3      | Reached XP level 5. HP: 24/25 MP: 6/6
  2039 | D:3      | Found a hide-covered altar of Uskayaw.
  2477 | D:3      | Found a bloodstained altar of Trog.
  2504 | D:3      | Killed an eye of draining
  2504 | D:3      | Reached skill level 9 in Stealth
  2504 | D:3      | Reached XP level 6. HP: 17/30 MP: 0/7
  2578 | D:4      | Reached skill level 10 in Stealth
  2748 | D:4      | Killed from afar by an orc priest

Skill      XL: |  1  2  3  4  5  6 |
---------------+-------------------+-----
Stealth        | 6 7 8 9 10 | 10.5
Dodging        | 2 3 5 |  5.0
Fighting       | |  1.5
Short Blades   | |  2.1
Throwing       | |  2.0

Action                   |  1- 3 |  4- 6 || total
-------------------------+-------+-------++-------
Melee: Dagger            |   160 |   226 ||   386
 Fire: Blowgun           |       |     7 ||     7
Throw: Tomahawk          |       |     3 ||     3
  Use: Scroll            |     2 |     5 ||     7
       Potion            |       |     4 ||     4
 Stab: Sleeping          |     7 |    11 ||    18
Armor: Robe              |    22 |    31 ||    53
Dodge: Dodged            |   130 |   202 ||   332
